 Dungeon Crawl Stone Soup version 0.23.2-40-g277498a001 (webtiles) character file.

Game seed: 2170074946291691537

23 MalarOregon the Charmwright (level 2, -4/23 HPs)
             Began as a Merfolk Skald on Aug 13, 2019.
             Killed from afar by Natasha (5 damage)
             ... with a magic dart
             ... on level 2 of the Dungeon.
             The game lasted 00:01:00 (620 turns).

MalarOregon the Charmwright (Merfolk Skald)          Turns: 620, Time: 00:01:00

Health: -4/23      AC:  6    Str: 11    XL:     2   Next: 95%
Magic:  5/5        EV:  9    Int: 12    God:
Gold:   46         SH:  0    Dex: 13    Spells: 5/5 levels left

rFire    . . .     SeeInvis .   a - +0 falchion
rCold    . . .     Gourm    .   (no shield)
rNeg     . . .     Faith    .   m - +0 scale mail
rPois    .         Spirit   .   (no helmet)
rElec    .         Reflect  .   (no cloak)
rCorr    .         Harm     .   (no gloves)
MR       .....                  (no boots)
Stlth    ..........             (no amulet)
HPRegen  0.07/turn              (no ring)
MPRegen  0.09/turn              (no ring)

@: slowed, very slow
A: change form in water, swift swim, stealthy swim
a: no special abilities


You were on level 2 of the Dungeon.
You were not hungry.

You visited 1 branch of the dungeon, and saw 2 of its levels.

You collected 46 gold pieces.

Inventory:

Hand Weapons
 a - a +0 falchion (weapon)
Armour
 m - a +0 scale mail (worn)
   (You found it on level 2 of the Dungeon)
Jewellery
 d - an uncursed ring of stealth {unknown}
   (You found it on level 2 of the Dungeon)
 i - an uncursed ring of fire
   (You found it on level 1 of the Dungeon)
Scrolls
 f - a scroll of amnesia
 g - 4 scrolls of identify {@r1}
 h - 2 scrolls of fog
Potions
 b - a potion of heal wounds {unknown}
 j - a potion of curing {@q1}
 k - a potion of agility
 l - a potion of berserk rage
Comestibles
 c - 7 chunks of flesh
 e - 4 rations {!d}


   Skills:
 + Level 2.6 Fighting
 + Level 2.6 Long Blades
 + Level 1.1 Armour
 + Level 3.2 Dodging
 - Level 2.0 Spellcasting
   Level 3.2 Charms


You had 5 spell levels left.
You didn't know any spells.
Your spell library contained the following spells:

 Spells                   Type           Power        Failure   Level  Hunger
 Infusion                 Chrm           #...         38%         1    ##.....
 Song of Slaying          Chrm           #.......     54%         2    ###....
 Shroud of Golubria       Chrm/Tloc      #.........   77%         2    ###....
 Regeneration             Chrm/Necr      #.........   94%         3    ####...
 Spectral Weapon          Hex/Chrm       #.......     94%         3    ####...


Dungeon Overview and Level Annotations

Branches:
Dungeon (2/15)

Altars:

Annotations:
D:2 Natasha


Message History

Wear which item? (? for menu, Esc to quit)
You start removing your armour.
You continue taking off your +0 leather armour. x4
You finish taking off your +0 leather armour.
You start putting on your armour.
You continue putting on your scale mail. x5
You finish putting on your +0 scale mail.
Drop what? 13/52 slots (_ for help) (? for menu, Esc to quit)
You drop a +0 leather armour.
b - a bubbling blue potion A rat comes into view.
A rat is nearby!
A rat is nearby!
Natasha, Servant of Life and Death comes into view.
Natasha hisses angrily.
The rat bites you but does no damage.
You barely miss the rat. The rat barely misses you.
Natasha casts a spell at you.
You feel yourself slow down.
You hit the rat.
You kill the rat!
Natasha casts a spell.
Natasha claws you but does no damage.
You hit Natasha.
Natasha casts a spell.
You hit Natasha but do no damage. Natasha barely misses you.
The shadow imp gestures at you.
You barely resist.
The crimson imp hits you but does no damage.
Natasha claws you but does no damage.
You completely miss Natasha. The crimson imp barely misses you.
You riposte.
You barely miss the crimson imp. Natasha claws you.
The shadow imp closely misses you.
The crimson imp hits you but does no damage.
Natasha claws you.
You miss Natasha.
The shadow imp hits you but does no damage.
The crimson imp blinks!
Natasha claws you but does no damage. The shadow imp gestures at you.
Pain shoots through your body!
* * * LOW HITPOINT WARNING * * *
Natasha claws you.
* * * LOW HITPOINT WARNING * * *
You closely miss Natasha.
The shadow imp shouts, "Scamper hence, thou artless rude-growing giglet!"
The shadow imp hits you.
* * * LOW HITPOINT WARNING * * *
Natasha casts a spell at you. The magic dart hits you.
You die...

.. .# .###. .# #.# #.
>#..##. # ..# ..
#...#..# ..#.
#....#.## #...
#.......####..###
###.........##.†.§##
.........##.....@5.#
.....<...######.#h.#
..........#...5.##....
...............##
#...#
................# ...#
.#.......[......# ###
####...........#
#....#.....##
#...........#


You could see Natasha, a crimson imp and a shadow imp.

Vanquished Creatures
  An ooze (D:1)
  5 bats (D:1)
  2 giant cockroaches (D:1)
  3 goblins (D:1)
  A hobgoblin (D:1)
  2 kobolds (D:1)
  3 rats
17 creatures vanquished.

Notes
Turn   | Place    | Note
-------+----------+-------------------------------------------
     0 | D:1      | MalarOregon the Merfolk Skald began the quest for the Orb.
     0 | D:1      | Reached XP level 1. HP: 16/16 MP: 3/3
   185 | D:1      | Reached XP level 2. HP: 22/23 MP: 5/5
   261 | D:1      | Reached skill level 1 in Armour
   612 | D:2      | Noticed Natasha
   617 | D:2      | Noticed a crimson imp
   620 | D:2      | HP: 1/23 [shadow imp[Natasha] (5)]
   620 | D:2      | Killed from afar by Natasha

Skill      XL: |  1  2 |
---------------+-------+-----
Armour         | 1 |  1.1
Dodging        | 3 |  3.2
Fighting       | |  2.6
Long Blades    | |  2.6
Spellcasting   | |  2.0
Charms         | |  3.2

Action                   || total
-------------------------++-------
Melee: Falchion          ||    38
  Use: Scroll            ||     6
Armor: Leather armour    ||     7
       Scale mail        ||     7
Dodge: Dodged            ||    28
       Rpst.: Falchion   ||     8
